 Dungeon Crawl Stone Soup version 0.32-a0-913-g739538afd8 (webtiles) character file.

Game seed: 12374606712871057449

1770592 1Anon the Sensei (level 27, 226/226 HPs)
             Began as a Gnoll Alchemist on Apr 5, 2024.
             Was an Initiate of Gozag.
             Escaped with the Orb
             ... and 4 runes on Apr 7, 2024!
             The game lasted 04:56:36 (126904 turns).

1Anon the Sensei (Gnoll Alchemist)                Turns: 126904, Time: 04:56:37

Health: 226/226    AC: 23    Str: 13    XL:     27
Magic:  48/48      EV: 25    Int: 40    God:    Gozag
Gold:   16855      SH: 27    Dex: 19    Spells: 3/68 levels left

rFire   + + +        m - +6 long sword "Pendulum" {freeze, rF++ Will++ Str+3}
rCold   + . .        V - +2 kite shield {rC+ rF+}
rNeg    + + .        e - +7 toga "Victory" {*Victory Int+7 Slay+7 Clar}
rPois   +            U - +3 crown of Dyrovepreva {rElec Int+2 SInv}
rElec   +            j - +1 cloak "Timaonac" {*Slow rElec rN+ Int+5}
rCorr   +            G - +2 pair of gloves
SInv    +            v - +2 pair of boots {Fly}
Will    ++++.        B - amulet of reflection
Stlth   +++          R - ring of Uneuviw {rElec rF+ Int+4 Dex+4}
HPRegen 1.37/turn    p - ring of the Greedy {rPois rN+ rCorr Slay+2 Stlth+}
MPRegen 0.31/turn

%: slow self (1%), reflection, clarity
@: flying, studying 3 skills
A: fangs 1, strong nose, distributed training, claws 1, large bone plates 1,
deformed body, dopey 1, regeneration 1
0: Orb of Zot
}: 4/15 runes: decaying, serpentine, slimy, silver
a: Renounce Religion, Potion Petition, Call Merchant, Bribe Branch


You escaped.
You worshipped Gozag.
Gozag was extremely pleased with you.
You visited 12 branches of the dungeon, and saw 56 of its levels.
You visited 1 bazaar.
You also visited: Ice Cave and Desolation.

You collected 36230 gold pieces.
You spent 5618 gold pieces at shops.
You paid 13757 gold pieces to Gozag.

Inventory:

Hand Weapons
 m - the +6 long sword "Pendulum" (weapon) {freeze, rF++ Will++ Str+3}
   (You took it off a deep elf sorcerer on level 3 of the Elven Halls)

   Str+3:     It affects your strength (+3).
   rF++:      It greatly protects you from fire.
   Will++:    It greatly increases your willpower.
 n - the +8 rapier of the Barnacled God {spect, rN++ rCorr Int-2}
   (You bought it in a shop on level 4 of the Dungeon)

   Int-2:     It affects your intelligence (-2).
   rN++:      It greatly protects you from negative energy.
   rCorr:     It protects you from acid and corrosion.
Missiles
 a - 9 throwing nets
 E - 19 curare-tipped darts
Armour
 e - the +7 toga "Victory" (worn) {*Victory Int+7 Slay+7 Clar}
   (You found it on level 9 of the Dungeon)

   *Victory:  When the wearer kills a threatening monster, it has a chance to
   gain +1 AC, +1 Slay, and +1 Int, capping at +7.
   When the wearer uses a scroll or a potion with a hostile monster in sight,
   its bonuses reset to +0.
   Unequipping it also resets its bonuses to +0.
   Int+7:     It affects your intelligence (+7).
   Slay+7:    It affects your accuracy & damage with ranged weapons and melee
   (+7).
   Clar:      It protects you from confusion, rage, mesmerisation and fear.
 j - the +1 cloak "Timaonac" (worn) {*Slow rElec rN+ Int+5}
   (You bought it in a shop on level 2 of the Orcish Mines)

   Int+5:     It affects your intelligence (+5).
   rElec:     It insulates you from electricity.
   rN+:       It protects you from negative energy.
   *Slow:     It may slow you when you take damage.
 v - a +2 pair of boots of flying (worn)
 G - a +2 pair of gloves (worn)
 U - the +3 crown of Dyrovepreva (worn) {rElec Int+2 SInv}
   (You bought it in a shop on level 2 of the Orcish Mines)

   Int+2:     It affects your intelligence (+2).
   rElec:     It insulates you from electricity.
   SInv:      It lets you see invisible.
 V - a +2 kite shield of resistance (worn)
Jewellery
 c - the ring of Maprun {rC+ Will+ Dex+9 Stlth-}
   (You bought it in a shop in a bazaar)

   [ring of willpower]

   Dex+9:     It affects your dexterity (+9).
   rC+:       It protects you from cold.
   Will+:     It increases your willpower.
   Stlth-:    It makes you less stealthy.
 p - the ring of the Greedy (right hand) {rPois rN+ rCorr Slay+2 Stlth+}
   (You found it in the Desolation of Salt)

   [ring of positive energy]

   Slay+2:    It affects your accuracy & damage with ranged weapons and melee
   (+2).
   rPois:     It protects you from poison.
   rN+:       It protects you from negative energy.
   rCorr:     It protects you from acid and corrosion.
   Stlth+:    It makes you more stealthy.
 B - an amulet of reflection (around neck)
 R - the ring of Uneuviw (left hand) {rElec rF+ Int+4 Dex+4}
   (You found it on level 10 of the Dungeon)

   [ring of protection from fire]

   Int+4:     It affects your intelligence (+4).
   Dex+4:     It affects your dexterity (+4).
   rF+:       It protects you from fire.
   rElec:     It insulates you from electricity.
 W - a ring of willpower
Talismans
 I - a talisman of death
Wands
 t - a wand of iceblast (83)
 u - a wand of charming (54)
 x - a wand of mindburst (21)
 C - a wand of light (14)
 N - a wand of digging (6)
Scrolls
 d - 11 scrolls of enchant armour
 g - 8 scrolls of amnesia
 i - 5 scrolls of butterflies
 k - 7 scrolls of fog
 o - 11 scrolls of fear
 q - 20 scrolls of teleportation
 y - 12 scrolls of enchant weapon
 A - 11 scrolls of vulnerability
 J - 4 scrolls of revelation
 K - 10 scrolls of poison
 L - 2 scrolls of brand weapon
 S - 5 scrolls of blinking
 T - 9 scrolls of immolation
Potions
 b - 6 potions of magic
 h - a potion of berserk rage
 l - 7 potions of invisibility
 r - 3 potions of resistance
 s - 8 potions of attraction
 z - a potion of cancellation
 D - 7 potions of might
 F - 10 potions of lignification
 H - 11 potions of ambrosia
 M - 10 potions of enlightenment
 O - 5 potions of mutation
 Q - 16 potions of heal wounds
 X - 31 potions of curing
 Y - 4 potions of haste
 Z - 6 potions of brilliance
Miscellaneous
 f - a phial of floods
 w - a sack of spiders
 P - a condenser vane


   Skills:
 + Level 20.7 Fighting
 + Level 22.4 Short Blades
 + Level 20.7 Long Blades
 + Level 20.7 Axes
 + Level 20.7 Maces & Flails
 + Level 20.7 Polearms
 + Level 20.7 Staves
 + Level 22.2 Ranged Weapons
 + Level 20.7 Throwing
 + Level 20.7 Armour
 + Level 21.1 Dodging
 + Level 21.0 Stealth
 + Level 20.7 Shields
 + Level 22.5 Unarmed Combat
 + Level 21.2 Spellcasting
 + Level 17.8 Conjurations
 + Level 17.7 Hexes
 + Level 17.7 Summonings
 + Level 17.7 Necromancy
 + Level 17.7 Translocations
 + Level 17.7 Fire Magic
 + Level 17.7 Ice Magic
 + Level 17.7 Air Magic
 + Level 17.7 Earth Magic
 + Level 18.4 Alchemy
 + Level 22.3 Invocations
 + Level 20.7 Evocations
 + Level 19.1 Shapeshifting


You had 3 spell levels left.
You knew the following spells:

 Your Spells              Type           Power      Damage    Failure   Level
c - Ozocubu's Refrigerat  Ice            55%        4d19      1%          7
g - Malign Gateway        Summ/Tloc      55%        N/A       1%          7
h - Summon Horrible Thin  Summ           55%        N/A       3%          8
i - Irradiate             Conj/Alch      56%        3d30      0%          5
l - Chain Lightning       Conj/Air       55%        3d74      45%         9
m - Manifold Assault      Tloc           55%        N/A       1%          7
n - Ignition              Fire           55%        3d15      3%          8
p - Maxwell's Capacitive  Air            55%        ∞         3%          8
x - Permafrost Eruption   Ice/Erth       55%        2x4d12    1%          6

Your spell library contained the following spells:

 Spells                   Type           Power      Damage    Failure   Level
 Apportation              Tloc           100%       N/A       0%          1
 Kiss of Death            Conj/Necr      100%       2d13      0%          1
 Magic Dart               Conj           100%       1d8       0%          1
 Necrotise                Necr           100%       1d9       0%          1
 Shock                    Conj/Air       100%       1d9       0%          1
 Slow                     Hex            100%       N/A       0%          1
 Sting                    Conj/Alch      100%       1d9       0%          1
 Summon Small Mammal      Summ           100%       N/A       0%          1
 Blink                    Tloc           100%       N/A       0%          2
 Call Imp                 Summ           100%       N/A       0%          2
 Cigotuvi's Dreadful Rot  Necr/Alch/Air  100%       N/A       0%          2
 Ensorcelled Hibernation  Hex/Ice        100%       N/A       0%          2
 Jinxbite                 Hex            100%       N/A       0%          2
 Lesser Beckoning         Tloc           100%       N/A       0%          2
 Mercury Vapours          Alch/Air       100%       N/A       0%          2
 Momentum Strike          Conj/Tloc      100%       3d10      0%          2
 Scorch                   Fire           100%       2d9       0%          2
 Sublimation of Blood     Necr           100%       N/A       0%          2
 Call Canine Familiar     Summ           100%       N/A       0%          3
 Confusing Touch          Hex            100%       N/A       0%          3
 Dazzling Flash           Conj/Hex       100%       N/A       0%          3
 Frozen Ramparts          Ice            100%       1d16      0%          3
 Fugue of the Fallen      Necr           100%       N/A       0%          3
 Hailstorm                Conj/Ice       100%       3d16      0%          3
 Inner Flame              Hex/Fire       100%       N/A       0%          3
 Maxwell's Portable Pile  Tloc           100%       2d(15-43) 0%          3
 Mephitic Cloud           Conj/Alch/Air  100%       N/A       0%          3
 Ozocubu's Armour         Ice            100%       N/A       0%          3
 Passwall                 Erth           100%       N/A       0%          3
 Sigil of Binding         Hex            100%       N/A       0%          3
 Stone Arrow              Conj/Erth      100%       3d13      0%          3
 Summon Ice Beast         Ice/Summ       100%       N/A       0%          3
 Swiftness                Air            100%       N/A       0%          3
 Teleport Other           Tloc           100%       N/A       0%          3
 Tukima's Dance           Hex            100%       N/A       0%          3
 Vampiric Draining        Necr           100%       2d13      0%          3
 Volatile Blastmotes      Fire/Tloc      100%       2d18      0%          3
 Airstrike                Air            55%        2d(8-24)  0%          4
 Animate Armour           Summ/Erth      100%       N/A       0%          4
 Cause Fear               Hex            55%        N/A       0%          4
 Dimensional Bullseye     Hex/Tloc       55%        N/A       0%          4
 Dispel Undead            Necr           100%       3d31      0%          4
 Flame Wave               Conj/Fire      100%       2d21      0%          4
 Fulminant Prism          Conj/Alch      56%        3d24      0%          4
 Ignite Poison            Fire/Alch      100%       N/A       0%          4
 Iskenderun's Mystic Bla  Conj/Tloc      100%       2d19      (+2d10%     4
 Leda's Liquefaction      Alch/Erth      56%        N/A       0%          4
 Martyr's Knell           Necr/Summ      100%       N/A       0%          4
 Olgreb's Toxic Radiance  Alch           100%       N/A       0%          4
 Petrify                  Alch/Erth      100%       N/A       0%          4
 Sticky Flame             Fire/Alch      100%       2d15      0%          4
 Summon Blazeheart Golem  Fire/Summ      100%       N/A       0%          4
 Vhi's Electric Charge    Tloc/Air       100%       N/A       0%          4
 Arcjolt                  Conj/Air       55%        1d65      0%          5
 Curse of Agony           Necr           100%       N/A       0%          5
 Fireball                 Conj/Fire      55%        3d21      0%          5
 Freezing Cloud           Conj/Ice/Air   55%        6-21      0%          5
 Lee's Rapid Deconstruct  Erth           55%        3d26*     0%          5
 Metabolic Englaciation   Hex/Ice        55%        N/A       0%          5
 Silence                  Hex/Air        55%        N/A       0%          5
 Summon Forest            Summ/Tloc      55%        N/A       0%          5
 Summon Mana Viper        Hex/Summ       100%       N/A       0%          5
 Yara's Violent Unravell  Hex/Alch       56%        3d21      0%          5
 Bombard                  Conj/Erth      55%        9d9       1%          6
 Death Channel            Necr           55%        N/A       1%          6
 Dispersal                Tloc           55%        N/A       1%          6
 Gell's Gavotte           Tloc           55%        2d(36-54) 1%          6
 Plasma Beam              Fire/Air       55%        2x1d71    1%          6
 Sculpt Simulacrum        Ice/Alch       56%        N/A       1%          6
 Starburst                Conj/Fire      55%        6d15      1%          6
 Summon Cactus Giant      Summ           55%        N/A       1%          6
 Enfeeble                 Hex            55%        N/A       1%          7
 Haunt                    Necr/Summ      55%        N/A       1%          7
 Monstrous Menagerie      Summ           55%        N/A       1%          7
 Borgnjor's Revivificati  Necr           55%        N/A       3%          8
 Discord                  Hex            55%        N/A       3%          8
 Disjunction              Tloc           55%        N/A       3%          8
 Infestation              Necr           55%        N/A       3%          8
 Lehudib's Crystal Spear  Conj/Erth      55%        10d13     3%          8
 Fire Storm               Conj/Fire      55%        8d14      45%         9
 Death's Door             Necr           55%        N/A       47%         9
 Dragon's Call            Summ           55%        N/A       47%         9
 Polar Vortex             Ice            55%        12d7*     47%         9
 Shatter                  Erth           55%        3d42*     47%         9


Dungeon Overview and Level Annotations

Branches:
Dungeon (15/15)            Temple (1/1) D:5            Lair (5/5) D:10
  Swamp (4/4) Lair:3        Snake (4/4) Lair:3        Slime (5/5) Lair:5
    Orc (2/2) D:11            Elf (3/3) Orc:2        Vaults (5/5) D:14
  Crypt (3/3) Vaults:2       Tomb (0/3) Crypt:3      Depths (4/4) D:15
    Zot (5/5) Depths:4      IceCv (visited)         Desolation (visited)

Altars:
Ashenzari
Cheibriados
Dithmenos
Elyvilon
Fedhas
Gozag
Hepliaklqana
Kikubaaqudgha
Makhleb
Nemelex Xobeh
Okawaru
Qazlal
Ru
Sif Muna
Trog
Uskayaw
Vehumet
Wu Jian
Xom
Yredelemnul
Zin
The Shining One
Beogh
Jiyva

Shops:
D:3 :   D:4 (   D:7 *   D:8 [   D:9 [   D:14 (:?[[   D:15 =[   Orc:1 ?
Orc:2 (*:[[[   Elf:1 [*   Elf:3 (   Lair:3 *[:   Zot:3 =([   Depths:1 (=(=
Depths:2 =

Portals:
Hell: Depths:1 Depths:3 Depths:4
Abyss: Depths:3
Pandemonium: Depths:2 Depths:3 Depths:4
Ziggurat: Depths:3

Annotations:
D:5 2 transporters
Depths:1 4 transporters


Innate Abilities, Weirdness & Mutations

You have very sharp teeth.
Your uncanny sense of smell can sniff out nearby items.
Your experience applies equally to all skills.
You have sharp fingernails.
You are partially covered in large bone plates. (SH +4)
Armour fits poorly on your strangely shaped body.
You are dopey. (Int -2)
Your natural rate of healing is unusually fast.


Message History

What level of the Dungeon? (default 1, ? - help)
A sixfirhy comes into view.
There is a stone staircase leading up here.
You fly upwards.
There is a stone staircase leading down here.
What level of the Dungeon? (default 1, ? - help)
A great orb of eyes comes into view.
Casting: Summon Horrible Things (dangerous; 3% risk of failure)
Confirm with . or Enter, or press ? or * to list all spells.
You block the great orb of eyes's attack.
You hit the great orb of eyes. You freeze the great orb of eyes.
The great orb of eyes is lightly wounded.
You hit the great orb of eyes. You freeze the great orb of eyes.
The great orb of eyes is lightly wounded.
Your large abomination hits the great orb of eyes!
You block the great orb of eyes's attack.
Your tentacled monstrosity tentacle-slaps the great orb of eyes.
Your tentacled monstrosity tentacle-slaps the great orb of eyes but does no damage.
Your tentacled monstrosity tentacle-slaps the great orb of eyes!
Your tentacled monstrosity grabs the great orb of eyes.
Your tentacled monstrosity constricts the great orb of eyes!
You catch the helpless great orb of eyes completely off-guard!
You hit the great orb of eyes but do no damage.
You bite the great orb of eyes, but do no damage.
The great orb of eyes is heavily wounded.
Your large abomination hits the great orb of eyes!! x2
The great orb of eyes dies!
What level of the Dungeon? (default 1, ? - help)
You swap places.
There is a stone staircase leading up here.
You fly upwards.
Your summoned allies are left behind.
Magic restored.
There is a stone staircase leading down here.
Aiming: Dig
Press: ? - help, Shift-Dir - straight line A rock wall.
This square is covered in magical glow.
The rock shatters into small pieces.
There is an open door here.
There is a staircase leading out of the dungeon here.
You have escaped!

##.....#.........## #.##.# #
..÷..............# #.##.# #
########.........# #.##.# #
########.........# #.##.# #
......#######'#### #.##.# #
......# #...# #.##.# # ......#
#...# #.##.# # ......# ###...###
#.##÷######## ......# #......@#
#............
......####.......#######.########
......#.............# #.#
....†.+......⌠......# #.#
......#.............# #.#
......####.......#### ##.#
.....## #.......# ##..# .....##
###...### #..## ......# #...#
#.##


There were no monsters in sight!

Vanquished Creatures
  the Royal Jelly (Slime:5)
  4 dread liches
  Frederick (Depths:3)
  6 orbs of fire
  4 ancient liches
  Boris (Depths:3)
  3 Killer Klowns (Zot:5)
  5 curse toes
  Margery (Depths:3)
  19 golden dragons
  7 caustic shrikes
  Norris (Vaults:2)
  A bone dragon (Crypt:3)
  2 electric golems (Zot:5)
  A Tzitzimitl (D:12)
  A hellephant (Depths:3)
  13 tentacled monstrosities
  6 Orb Guardians
  A Hell Sentinel (Depths:2)
  7 liches
  8 titans
  A walking divine tome (Depths:3)
  2 deep elf blademasters
  A quicksilver dragon (Zot:5)
  Gastronok (Lair:1)
  3 deep elf master archers (Elf:3)
  5 ancient champions
  2 walking frostbound tomes
  18 acid blobs
  Kirke (D:14)
  A death cob (Zot:2)
  6 sphinxes
  6 tengu reavers
  8 shadow dragons
  A thorn hunter (Swamp:4)
  7 nagarajas
  6 storm dragons
  Aizul (Snake:4)
  A protean progenitor (Depths:4)
  A fenstrider witch (Swamp:2)
  11 fire giants
  6 rockslimes
  A revenant (Crypt:2)
  3 iron dragons
  3 draconian shifters (Zot:5)
  3 draconian monks
  9 azure jellies
  6 frost giants
  5 draconian scorchers
  6 draconian knights
  13 vault wardens
  2 imperial myrmidons (Desolation)
  Louise (D:15)
  2 draconian stormcallers
  5 ghouls
  4 spectral caustic shrikes (Depths:4)
  8 deep elf sorcerers
  A curse skull (Crypt:1)
  2 orc warlords
  2 balrugs
  5 ghost moths
  4 deep elf elementalists (Elf:3)
  2 reapers
  16 ironbound preservers
  2 draconian annihilators
  16 very ugly things
  A spriggan defender (Depths:3)
  4 formless jellyfish
  8 quicksilver oozes
  23 stone giants
  A caustic shrike skeleton (Crypt:3)
  A juggernaut skeleton (Crypt:2)
  9 vampire knights
  7 deep elf demonologists
  5 deep elf death magi
  8 ironbound thunderhulks
  2 green draconians
  9 war gargoyles
  8 black draconians
  2 eleionomae
  A halazid warlock (Desolation)
  15 dire elephants
  9 yellow draconians
  3 bunyips
  9 deep elf annihilators
  3 red draconians
  9 purple draconians
  5 spark wasps
  9 white draconians
  Snorg (D:14)
  8 ettins
  3 blizzard demons
  20 yaktaur captains
  Josephine (D:14)
  13 fire dragons
  10 deep elf high priests
  9 jiangshi
  3 shambling mangroves (Swamp:4)
  8 crystal guardians
  35 vault guards
  8 great orbs of eyes
  9 ragged hierophants (Desolation)
  10 ice dragons
  A hell beast (Depths:3)
  4 rakshasas
  13 ogre magi
  A quicksilver dragon skeleton (Crypt:2)
  7 spriggan air magi
  4 alligators
  25 hydras
  8 ghost crabs
  3 salamander tyrants (Snake:4)
  7 peacekeepers
  4 servants of whispers (Desolation)
  4 catoblepae
  A death knight (Crypt:1)
  7 ironbound frosthearts
  9 centaur warriors
  A caustic shrike simulacrum (IceCv)
  29 dancing weapons
  12 anacondas
  7 boulder beetles
  13 two-headed ogres
  12 deep troll shamans
  13 death yaks
  8 vampire magi
  6 shock serpents
  A hell hog (Lair:5)
  22 naga sharpshooters
  4 orc high priests (Orc:2)
  5 spriggan berserkers
  A shock serpent (shapeshifter) (Vaults:5)
  7 tengu warriors
  14 naga warriors
  3 occultists
  Sonja (Lair:1)
  12 deep troll earth magi
  3 sun demons
  2 skysharks (shapeshifter)
  A soul eater (Depths:2)
  12 deep elf knights
  12 hell knights
  5 skysharks
  11 deep elf archers
  9 iron trolls
  2 goliath frogs
  6 flayed ghosts
  11 salamander mystics
  A golden dragon zombie (Crypt:3)
  28 skeletal warriors
  3 sixfirhies
  5 glowing orange brains
  A death drake (Swamp:3)
  5 shadow wraiths
  3 sea snakes (Snake:3)
  9 swamp dragons
  10 bog bodies
  7 arcanists
  6 mana vipers
  60 deep trolls
  An obsidian statue (IceCv)
  An orange crystal statue (Elf:3)
  6 harpies
  A shadow dragon zombie (Crypt:3)
  9 spriggan simulacra
  3 naga ritualists (Snake:4)
  Pikel (D:6)
  2 spriggan druids (Swamp:3)
  23 ironbound convokers
  7 necromancers
  An obsidian bat (Orc:1)
  14 lindwurms
  19 deep elf zephyrmancers
  8 phantasmal warriors
  A wolf spider zombie (Crypt:1)
  2 wolf spiders (Depths:4)
  4 thermic dynamos
  37 deep elf pyromancers
  6 orc knights
  A shadow dragon skeleton (Crypt:1)
  A frost giant zombie (Vaults:4)
  2 orc sorcerers (Orc:1)
  18 salamanders
  4 will-o-the-wisps
  A cyclops (shapeshifter) (Vaults:5)
  36 ugly things
  9 apocalypse crabs (Zot:4)
  8 cyclopes
  22 elephants
  5 large abominations (D:10)
  2 manticores (D:11)
  5 shining eyes
  15 moths of wrath
  A fire giant skeleton (Crypt:2)
  A shining eye (shapeshifter) (Vaults:5)
  13 naga magi
  6 guardian serpents
  A shock serpent zombie (Crypt:1)
  23 black mambas
  An iron dragon skeleton (Crypt:1)
  14 vault sentinels
  A torpor snail (Lair:2)
  2 kobold blastminers (Orc:1)
  4 eyes of devastation
  7 nameless horrors
  3 smoke demons
  14 cane toads
  2 molten gargoyles (Desolation)
  3 gargoyles
  A hellion (Depths:4)
  4 tengu conjurers
  5 centaur skeletons
  2 kobold demonologists
  6 komodo dragons
  A rime drake (Lair:1)
  4 efreet
  2 spectral nagas (Snake:1)
  An unseen horror (D:13)
  35 yaktaurs
  10 freezing wraiths
  7 ice devils (IceCv)
  A yaktaur skeleton (Vaults:4)
  A troll (shapeshifter) (D:13)
  3 bloated husks
  A queen bee (shapeshifter) (D:13)
  7 trolls
  A harpy zombie (Crypt:3)
  9 polar bears (Lair:5)
  6 tyrant leeches
  A tarantella (shapeshifter) (Vaults:1)
  A polar bear (shapeshifter) (D:15)
  24 hornets
  16 blink frogs
  A jumping spider (shapeshifter) (Vaults:3)
  A harpy skeleton (Crypt:3)
  4 raiju (Lair:5)
  47 saltlings (Desolation)
  A centaur simulacrum (D:13)
  A spectral black mamba (Lair:3)
  76 slime creatures
  A frost giant simulacrum (Vaults:4)
  A ynoxinul (Depths:2)
  A shadow (D:11)
  A satyr skeleton (Crypt:2)
  5 glass eyes
  A dire elephant simulacrum (IceCv)
  18 spriggans
  2 water elementals
  2 air elementals
  2 wyverns
  5 small abominations (D:10)
  A vampire (D:11)
  4 hogs (D:14)
  6 basilisks
  A human (shapeshifter) (Elf:2)
  A fire elemental (Elf:3)
  59 yaks
  8 wraiths
  A golden eye (shapeshifter) (D:14)
  13 vampire mosquitoes
  13 wargs
  A golden eye (Slime:5)
  Grum (D:7)
  4 steam dragons
  11 minotaur simulacra
  15 swamp worms
  3 harpy simulacra
  32 nagas
  A swamp worm (shapeshifter) (Vaults:5)
  4 acid dragons
  A faun zombie (Crypt:2)
  A naga zombie (Crypt:3)
  13 hell hounds (Lair:5)
  12 water moccasins
  A meliai simulacrum (D:11)
  22 orc warriors
  6 swamp drakes (Swamp:4)
  A sky beast (D:6)
  An ettin simulacrum (IceCv)
  2 ice beasts
  15 black bears
  A spectral torpor snail (Lair:3)
  23 laughing skulls
  16 ogres
  A hog zombie (Crypt:1)
  8 boggarts
  39 wolves
  7 centaurs
  2 lemures (D:6)
  5 kobold brigands
  Blork the orc (D:5)
  A fire crab zombie (Crypt:2)
  2 earth elementals
  A scorpion (D:4)
  15 bullfrogs
  A glowing shapeshifter simulacrum (Vaults:4)
  A wyvern zombie (Crypt:1)
  10 deep troll simulacra (IceCv)
  A raiju zombie (Crypt:1)
  20 wights
  A cyclops skeleton (Crypt:2)
  5 lindwurm simulacra
  5 killer bees
  5 electric eels
  5 howler monkeys
  A lava snake (Lair:3)
  3 bombardier beetles
  A jelly (shapeshifter) (D:11)
  5 hounds
  30 orc priests
  Crazy Yiuf (D:5)
  6 jellies
  A gnoll bouda (D:9)
  3 sleepcaps
  3 iguanas (D:5)
  Ijyb (D:4)
  11 orc wizards
  7 hell rats (Lair:5)
  12 gnolls
  7 adders
  A shadow imp (D:5)
  2 white imps
  2 ufetubi (D:7)
  2 dart slugs
  4 ribbon worms
  90 orcs
  7 ball pythons
  26 endoplasms
  2 giant cockroaches
  2 hobgoblins
  2 jackals (D:1)
  3 quokkas
  10 bats
  4 frilled lizards (D:2)
  A giant cockroach zombie (Crypt:1)
  2 goblins
  14 kobolds
  4 rats
  A rat zombie (Crypt:2)
  A river rat skeleton (Crypt:2)
2465 creatures vanquished.

Vanquished Creatures (collateral kills)
  A dread lich (Vaults:5)
  A curse toe (Zot:2)
  8 golden dragons
  11 tentacled monstrosities
  2 titans (Vaults:5)
  20 Orb Guardians (Zot:5)
  An acid blob (Slime:5)
  4 quicksilver dragons
  A sphinx (Vaults:5)
  2 death cobs
  2 shadow dragons
  6 storm dragons
  2 azure jellies (Slime:5)
  3 draconian monks
  A revenant (Crypt:1)
  A protean progenitor (Zot:1)
  6 draconian shifters
  2 draconian knights
  An iron dragon (Vaults:5)
  3 vault wardens (Vaults:5)
  2 draconian scorchers (Zot:1)
  A ghost moth (Zot:5)
  2 ghouls
  A draconian stormcaller (Zot:1)
  6 draconian annihilators
  2 quicksilver oozes (Slime:5)
  3 stone giants (Vaults:5)
  A reaper (Crypt:2)
  A deep elf death mage (Vaults:1)
  A vampire knight (Crypt:3)
  A black draconian (Zot:5)
  7 red draconians
  A deep elf annihilator (Vaults:5)
  A lorocyproca (D:3)
  6 green draconians
  2 war gargoyles (Crypt:3)
  8 white draconians
  5 yellow draconians
  6 purple draconians
  2 eidola (Crypt:1)
  An entropy weaver (shapeshifter) (D:11)
  An ettin (Vaults:5)
  2 crystal guardians (Crypt:3)
  A jiangshi (Crypt:1)
  2 yaktaur captains (Vaults:5)
  A quicksilver dragon zombie (Crypt:3)
  A deep elf high priest (Vaults:5)
  A peacekeeper (Desolation)
  A servant of whispers (Desolation)
  A great orb of eyes (D:2)
  3 vault guards (Vaults:5)
  2 ogre magi
  A hydra (Lair:4)
  A two-headed ogre (Orc:2)
  3 dancing weapons (Crypt:3)
  2 orc high priests (Orc:2)
  6 skeletal warriors (Crypt:3)
  A shadow wraith (Crypt:1)
  An anaconda zombie (Crypt:3)
  2 arcanists
  2 deep trolls (Vaults:5)
  A spectral hydra (Lair:3)
  3 necromancers (Crypt:3)
  An orange crystal statue (Zot:5)
  An ugly thing (D:11)
  A wolf spider (Depths:4)
  A human zombie (Crypt:3)
  4 manticores
  10 moths of wrath
  A rust devil (Depths:2)
  2 yaktaurs (Vaults:5)
  A rime drake (Lair:5)
  2 red devils
  3 harpy zombies (Crypt:3)
  5 saltlings (Desolation)
  A spectral dream sheep (Lair:3)
  A basilisk (D:11)
  A warg (Orc:2)
  A demonspawn zombie (Crypt:3)
  5 nameless horrors
  A laughing skull (Crypt:3)
  A small abomination (D:10)
  2 bullfrogs (Lair:3)
  A warg skeleton (Crypt:1)
  A naga zombie (Crypt:1)
224 creatures vanquished.

Vanquished Creatures (others)
  A death cob (Zot:2)
  11 eldritch tentacles
  A storm dragon (Zot:1)
  A draconian knight (Zot:2)
  A draconian scorcher (Zot:2)
  A fire giant (Depths:3)
  A very ugly thing (Vaults:5)
  An ice dragon (Depths:3)
  An ogre mage (Vaults:2)
  A peacekeeper (Desolation)
  A swamp dragon (Swamp:3)
  A glowing orange brain (Vaults:1)
  A minotaur simulacrum (Snake:3)
  2 foxfires (Swamp:3)
  10 spectral weapons
35 creatures vanquished.

Grand Total: 2724 creatures vanquished

Notes
Turn   | Place    | Note
-------+----------+-------------------------------------------
     0 | D:1      | 1Anon the Gnoll Alchemist began the quest for the Orb.
     0 | D:1      | Reached XP level 1. HP: 13/13 MP: 6/6
   764 | D:1      | Reached XP level 2. HP: 19/19 MP: 7/7
  1266 | D:1      | Found a faded altar of an unknown god.
  1684 | D:1      | Reached skill level 5 in Spellcasting
  1684 | D:1      | Reached XP level 3. HP: 19/25 MP: 3/9
  2406 | D:2      | Reached skill level 1 in Invocations
  2496 | D:2      | Reached skill level 1 in Fighting
  2496 | D:2      | Reached skill level 1 in Short Blades
  2496 | D:2      | Reached skill level 1 in Long Blades
  2496 | D:2      | Reached skill level 1 in Axes
  2496 | D:2      | Reached skill level 1 in Maces & Flails
  2496 | D:2      | Reached skill level 1 in Polearms
  2496 | D:2      | Reached skill level 1 in Staves
  2496 | D:2      | Reached skill level 1 in Ranged Weapons
  2496 | D:2      | Reached skill level 1 in Throwing
  2496 | D:2      | Reached skill level 1 in Armour
  2496 | D:2      | Reached skill level 1 in Shields
  2496 | D:2      | Reached skill level 1 in Unarmed Combat
  2496 | D:2      | Reached skill level 1 in Evocations
  2671 | D:2      | Reached skill level 1 in Shapeshifting
  2671 | D:2      | Reached XP level 4. HP: 32/32 MP: 7/11
  2906 | D:2      | Learned a level 4 spell: Olgreb's Toxic Radiance
  2911 | D:2      | Learned a level 4 spell: Sticky Flame
  3427 | D:2      | Gained mutation: You are dopey. (Int -2) [potion of
                  | mutation]
  3935 | D:2      | Reached skill level 1 in Hexes
  3935 | D:2      | Reached skill level 1 in Summonings
  3935 | D:2      | Reached skill level 1 in Necromancy
  3935 | D:2      | Reached skill level 1 in Translocations
  3935 | D:2      | Reached skill level 1 in Fire Magic
  3935 | D:2      | Reached skill level 1 in Ice Magic
  3935 | D:2      | Reached skill level 1 in Air Magic
  3935 | D:2      | Reached skill level 1 in Earth Magic
  4918 | D:3      | Reached XP level 5. HP: 37/37 MP: 7/12
  5067 | D:3      | Found a bloodstained altar of Trog.
  5072 | D:3      | Identified the +0 leather armour of the Merwolf {rC+ Dex+2}
  5396 | D:3      | Found Inenkoti's Book Emporium.
  5737 | D:4      | Found a shadowy altar of Dithmenos.
  5853 | D:4      | Noticed Ijyb
  5880 | D:4      | Killed Ijyb
  6056 | D:4      | Found a glowing drain.
  6685 | D:4      | Reached XP level 6. HP: 35/44 MP: 8/13
  6908 | D:4      | Reached skill level 5 in Dodging
  7083 | D:4      | Found Uzuann's Antique Weapon Shoppe.
  7092 | D:4      | Bought a crystal rapier for 234 gold pieces
  7092 | D:4      | Identified the +8 rapier of the Barnacled God {spect, rN++
                  | rCorr Int-2} (You bought it in a shop on level 4 of the
                  | Dungeon)
  7342 | D:4      | Found a glowing golden altar of the Shining One.
  7360 | D:5      | Entered Level 5 of the Dungeon
  7433 | D:5      | Found a transporter.
  7485 | D:5      | Found a staircase to the Ecumenical Temple.
  7509 | D:5      | Identified the +1 quarterstaff of Crystal {freeze, rN+
                  | Will++ rCorr Str-4}
  7525 | Temple   | Entered the Ecumenical Temple
  7780 | D:5      | Reached XP level 7. HP: 45/51 MP: 10/15
  8016 | D:5      | Found a runed translucent door.
  8017 | D:5      | Noticed Crazy Yiuf
  8196 | D:5      | Noticed Blork the orc
  8204 | D:5      | Killed Blork the orc
  8411 | D:5      | Reached skill level 5 in Stealth
  8462 | D:5      | Found a transporter.
  8738 | D:5      | Reached XP level 8. HP: 52/58 MP: 11/16
  8742 | D:5      | Found a sparkling altar of Nemelex Xobeh.
  9103 | D:6      | Noticed Pikel
  9126 | D:6      | Killed Pikel
  9892 | D:6      | Reached XP level 9. HP: 65/65 MP: 2/18
 10353 | D:6      | Found a radiant altar of Vehumet.
 11832 | D:6      | Reached skill level 5 in Invocations
 12740 | D:7      | Found Faciw's Assorted Antiques.
 13466 | Temple   | Became a worshipper of Gozag Ym Sagoz the Greedy
 13575 | D:7      | Reached skill level 5 in Fighting
 13575 | D:7      | Reached skill level 5 in Short Blades
 13575 | D:7      | Reached skill level 5 in Long Blades
 13575 | D:7      | Reached skill level 5 in Axes
 13575 | D:7      | Reached skill level 5 in Maces & Flails
 13575 | D:7      | Reached skill level 5 in Polearms
 13575 | D:7      | Reached skill level 5 in Staves
 13575 | D:7      | Reached skill level 5 in Ranged Weapons
 13575 | D:7      | Reached skill level 5 in Throwing
 13575 | D:7      | Reached skill level 5 in Armour
 13575 | D:7      | Reached skill level 5 in Shields
 13575 | D:7      | Reached skill level 5 in Unarmed Combat
 13575 | D:7      | Reached skill level 5 in Evocations
 13575 | D:7      | Reached XP level 10. HP: 24/72 MP: 12/20
 14101 | D:8      | Noticed Grum
 14120 | D:7      | Killed Grum
 14438 | D:8      | Reached skill level 5 in Conjurations
 14868 | D:8      | Found a shimmering altar of Xom.
 15098 | D:8      | Reached skill level 5 in Shapeshifting
 15665 | D:8      | Found Wuivvy Lato's Armour Boutique.
 15673 | D:8      | Bought a +0 buckler for 54 gold pieces
 15673 | D:8      | Bought a +0 cloak for 54 gold pieces
 15807 | D:8      | You fall into a shaft and drop 2 floors!
 15807 | D:10     | Entered Level 10 of the Dungeon
 15851 | D:9      | Noticed a kobold demonologist
 15997 | D:9      | Killed a kobold demonologist
 16596 | D:9      | Found an iron altar of Okawaru.
 16596 | D:9      | Found a runed translucent door.
 16608 | D:9      | Noticed a gargoyle
 16608 | D:9      | Found the +0 toga "Victory" {*Victory Clar}
 16867 | D:9      | Found Ineggaro's Superior Scales.
 16976 | D:9      | Found a blossoming altar of Fedhas.
 17310 | D:10     | Noticed a two-headed ogre
 17336 | D:10     | Killed a two-headed ogre
 17337 | D:10     | Reached skill level 5 in Hexes
 17337 | D:10     | Reached skill level 5 in Summonings
 17337 | D:10     | Reached skill level 5 in Necromancy
 17337 | D:10     | Reached skill level 5 in Translocations
 17337 | D:10     | Reached skill level 5 in Fire Magic
 17337 | D:10     | Reached skill level 5 in Ice Magic
 17337 | D:10     | Reached skill level 5 in Air Magic
 17337 | D:10     | Reached skill level 5 in Earth Magic
 17337 | D:10     | Reached XP level 11. HP: 81/81 MP: 10/23
 17657 | D:10     | Noticed an arcanist
 17665 | D:10     | Killed an arcanist
 17856 | D:10     | Noticed a large abomination
 17856 | D:10     | Noticed a large abomination
 17856 | D:10     | Noticed a large abomination
 18049 | D:10     | Killed a large abomination
 18325 | D:10     | Noticed a large abomination
 18335 | D:10     | Killed a large abomination
 19151 | D:10     | Found a staircase to the Lair.
 19160 | Lair:1   | Entered Level 1 of the Lair of Beasts
 19415 | Lair:1   | Noticed Gastronok
 19699 | Lair:1   | Noticed Sonja
 19710 | Lair:1   | Killed Gastronok
 19992 | Lair:1   | Reached XP level 12. HP: 45/91 MP: 15/24
 20272 | Lair:1   | Noticed a catoblepas
 20273 | Lair:1   | Killed Sonja
 20823 | Lair:1   | Killed a catoblepas
 21111 | Lair:1   | Noticed Joseph
 21114 | Lair:1   | Joseph changed into Joseph the spriggan
 21114 | Lair:1   | Noticed Joseph
 21120 | Lair:1   | Killed Joseph the spriggan
 24381 | Lair:2   | Learned a level 5 spell: Summon Mana Viper
 25053 | D:5      | Killed Crazy Yiuf
 26137 | Lair:3   | Noticed a death yak
 26139 | Lair:3   | Noticed a death yak
 26139 | Lair:3   | Noticed a death yak
 26141 | Lair:3   | Noticed a death yak
 26144 | Lair:2   | Reached XP level 13. HP: 96/98 MP: 14/26
 26783 | D:3      | Bought a book of Transmutation for 336 gold pieces
 26789 | D:3      | Learned a level 5 spell: Irradiate
 27554 | Lair:3   | Found a staircase to the Snake Pit.
 27662 | Lair:3   | Reached skill level 10 in Spellcasting
 27851 | Lair:3   | Reached skill level 10 in Dodging
 28247 | Lair:3   | Reached skill level 10 in Stealth
 28486 | Lair:3   | Found a staircase to the Swamp.
 28832 | Lair:4   | Reached skill level 10 in Invocations
 28832 | Lair:4   | Reached XP level 14. HP: 95/108 MP: 16/28
 29943 | Lair:5   | Entered Level 5 of the Lair of Beasts
 31036 | Lair:5   | Reached skill level 10 in Alchemy
 31191 | Lair:5   | Reached skill level 10 in Fighting
 31191 | Lair:5   | Reached skill level 10 in Short Blades
 31191 | Lair:5   | Reached skill level 10 in Long Blades
 31191 | Lair:5   | Reached skill level 10 in Axes
 31191 | Lair:5   | Reached skill level 10 in Maces & Flails
 31191 | Lair:5   | Reached skill level 10 in Polearms
 31191 | Lair:5   | Reached skill level 10 in Staves
 31191 | Lair:5   | Reached skill level 10 in Ranged Weapons
 31191 | Lair:5   | Reached skill level 10 in Throwing
 31191 | Lair:5   | Reached skill level 10 in Armour
 31191 | Lair:5   | Reached skill level 10 in Shields
 31191 | Lair:5   | Reached skill level 10 in Unarmed Combat
 31191 | Lair:5   | Reached skill level 10 in Evocations
 31333 | Lair:5   | Reached XP level 15. HP: 108/115 MP: 16/30
 31914 | Lair:5   | Got the Spellbook of the Congregation and the Whammy
 32350 | Lair:5   | Found a staircase to the Slime Pits.
 32357 | Lair:5   | Found a viscous altar of Jiyva.
 32608 | D:10     | Identified the ring of Uneuviw {rElec rF+ Int+4 Dex+4}
 32692 | D:7      | Bought a small sapphire amulet for 135 gold pieces
 32724 | D:10     | Upgraded the game from 0.32-a0-900-g30fb1b0edc to
                  | 0.32-a0-909-gc671339a80
 32787 | D:11     | Found a staircase to the Orcish Mines.
 32967 | D:11     | Got the Spellbook of Sand
 33006 | D:11     | Got the Grimoire of Axaxaxas mlö
 33013 | D:11     | Got Seixtayt's Parchment of Dhcmrlchtdj
 33565 | D:11     | Identified the +2 robe of Jacrydoi {Str+3 Dex+5}
 34113 | D:11     | Identified the +0 pair of boots of Liberty {+Inv Int+4
                  | Slay-5}
 35153 | Orc:1    | Entered Level 1 of the Orcish Mines
 35422 | Orc:2    | Entered Level 2 of the Orcish Mines
 35423 | Orc:2    | Noticed an orc warlord
 35432 | Orc:2    | Killed an orc warlord
 35909 | Orc:1    | Reached skill level 10 in Shapeshifting
 35971 | Orc:1    | Found Sintiex's Magic Scroll Shop.
 36194 | Orc:1    | Bought a scroll of blinking for 90 gold pieces
 36194 | Orc:1    | Bought 3 scrolls of immolation for 144 gold pieces
 36222 | Orc:1    | Reached XP level 16. HP: 97/124 MP: 16/32
 36920 | Orc:2    | Found Comaem's Weapon Boutique.
 36939 | Orc:2    | Found Piewkaol's Assorted Antiques.
 37051 | Orc:2    | Found a roughly hewn altar of Beogh.
 37310 | Orc:2    | Found a staircase to the Elven Halls.
 37348 | Orc:2    | Found Veimol's Antique Armour Shop.
 37351 | Orc:2    | Found Goxtenne's Armour Boutique.
 37476 | Orc:2    | Bought the +3 crown of Dyrovepreva {rElec Int+2 SInv} for
                  | 1324 gold pieces
 37476 | Orc:2    | Found the +3 crown of Dyrovepreva {rElec Int+2 SInv}
 38026 | Orc:2    | Bought a pair of runed boots for 247 gold pieces
 38043 | Orc:2    | Bought a book of the Earth for 540 gold pieces
 38050 | Orc:2    | Learned a level 6 spell: Permafrost Eruption
 38052 | Orc:2    | Bought the +1 cloak "Timaonac" {*Slow rElec rN+ Int+5} for
                  | 586 gold pieces
 39686 | D:13     | Found a hide-covered altar of Uskayaw.
 40023 | Snake:1  | Entered Level 1 of the Snake Pit
 41215 | Snake:1  | Reached skill level 10 in Conjurations
 41982 | Snake:2  | Noticed a nagaraja
 41985 | Snake:2  | Killed a nagaraja
 42260 | Snake:2  | Reached XP level 17. HP: 114/133 MP: 26/33
 42687 | Snake:2  | Identified the +2 whip "Utu Ylatanus" {holy, rF- rC+ Will+
                  | rCorr}
 42761 | Snake:2  | Reached skill level 10 in Hexes
 42761 | Snake:2  | Reached skill level 10 in Summonings
 42761 | Snake:2  | Reached skill level 10 in Necromancy
 42761 | Snake:2  | Reached skill level 10 in Translocations
 42761 | Snake:2  | Reached skill level 10 in Fire Magic
 42761 | Snake:2  | Reached skill level 10 in Ice Magic
 42761 | Snake:2  | Reached skill level 10 in Air Magic
 42761 | Snake:2  | Reached skill level 10 in Earth Magic
 43284 | Snake:3  | Found a glacial archway.
 43297 | IceCv    | Entered an ice cave
 45008 | IceCv    | Identified the +1 quarterstaff of the Cursing Bear {venom,
                  | *Noise rF++ rN+}
 47176 | Snake:4  | Entered Level 4 of the Snake Pit
 47202 | Snake:4  | Identified the serpent talisman "Qeijuc" {Str+4}
 47202 | Snake:4  | Noticed Aizul
 47301 | Snake:4  | Killed Aizul
 48322 | Snake:4  | Reached XP level 18. HP: 141/141 MP: 11/35
 50364 | Snake:4  | Got a serpentine rune of Zot
 51068 | Lair:3   | Bought a steaming turquoise ring for 200 gold pieces
 51068 | Lair:3   | Identified the ring "Qiow" {Ice Fly rPois rN++ Str-5} (You
                  | bought it in a shop on level 3 of the Lair of Beasts)
 51129 | Swamp:1  | Entered Level 1 of the Swamp
 52101 | Swamp:1  | Identified the +5 war axe of Anguish {distort, ^Fragile rF+
                  | rC+ Int+3}
 52615 | Swamp:2  | Found a hazy altar of Hepliaklqana.
 52907 | Swamp:2  | Identified a scroll of acquirement
 52925 | Swamp:2  | Acquired 327 gold pieces
 53977 | Swamp:3  | Noticed a tentacled monstrosity
 53988 | Swamp:3  | Killed a tentacled monstrosity
 54926 | Swamp:4  | Entered Level 4 of the Swamp
 55083 | Swamp:4  | Reached XP level 19. HP: 149/149 MP: 25/37
 57192 | Swamp:4  | Got a decaying rune of Zot
 58076 | D:14     | Noticed Snorg
 58079 | D:14     | Killed Snorg
 58508 | D:14     | Found a gate to the Vaults.
 58787 | D:14     | Found Laivve's Armour Shop.
 58821 | D:14     | Found Yseeq's Weapon Shop.
 58880 | D:14     | Noticed Kirke
 58891 | D:14     | Killed Kirke
 59060 | D:14     | Noticed Josephine
 59063 | D:14     | Killed Josephine
 59595 | D:14     | Found Vibuik's Book Shop.
 59598 | D:14     | Bought the Parchment of the Shivering Zephyr for 572 gold
                  | pieces
 59606 | D:14     | Learned a level 7 spell: Ozocubu's Refrigeration
 59608 | D:14     | Found Vaifam's Armour Boutique.
 59700 | D:14     | Found Deomupasy's Magic Scroll Emporium.
 59703 | D:14     | Bought a scroll of blinking for 105 gold pieces
 59703 | D:14     | Bought a scroll of blinking for 105 gold pieces
 59856 | D:15     | Entered Level 15 of the Dungeon
 60152 | D:15     | Found Hoank's Armour Emporium.
 60387 | D:3      | Bought a book of Battle for 384 gold pieces
 60395 | D:3      | Learned a level 7 spell: Manifold Assault
 60791 | D:15     | Found a snail-covered altar of Cheibriados.
 61002 | D:15     | Found a staircase to the Depths.
 61643 | D:15     | Reached skill level 15 in Invocations
 61649 | D:15     | Noticed Louise
 61836 | D:15     | Killed Louise
 62549 | Elf:1    | Entered Level 1 of the Elven Halls
 63173 | Elf:1    | Reached XP level 20. HP: 158/158 MP: 16/38
 63703 | Elf:1    | Found Plog's Armour Shoppe.
 64004 | Elf:1    | Found Fafocyj's General Store.
 64550 | Elf:1    | Found an ancient bone altar of Kikubaaqudgha.
 65099 | Elf:2    | Paralysed by an air elemental for 1 turns
 65797 | Elf:2    | Found a runed translucent gate.
 65828 | Elf:2    | Found a runed translucent gate.
 65828 | Elf:2    | Found a runed translucent gate.
 66070 | Elf:2    | Reached skill level 15 in Spellcasting
 67245 | Elf:3    | Entered Level 3 of the Elven Halls
 67480 | Elf:3    | Reached skill level 15 in Dodging
 68494 | Elf:3    | Found Waani's Weapon Shoppe.
 68511 | Elf:3    | Reached skill level 15 in Stealth
 69421 | Elf:3    | Identified the +6 spear "Giefroej" {flame, ^Fragile rC+
                  | Will++ rCorr}
 69943 | Elf:3    | Identified the +6 long sword "Pendulum" {freeze, rF++
                  | Will++ Str+3}
 69944 | Elf:3    | Identified the amulet "Lorgha" {Faith Int+6}
 69947 | Elf:3    | Identified the +2 flail "Riachil Mugg" {freeze, rN+}
 69952 | Elf:3    | Reached XP level 21. HP: 140/166 MP: 7/40
 70423 | Elf:3    | Identified the +8 falchion of Bread {heavy, Fly rF+ Int-4}
 71301 | Vaults:1 | Entered Level 1 of the Vaults
 71326 | Vaults:1 | Found a crumbling gateway.
 71347 | Vaults:1 | Found a transporter.
 71368 | Desolati | Entered the Desolation of Salt
 72181 | Desolati | Identified the ring of the Greedy {rPois rN+ rCorr Slay+2
                  | Stlth+}
 72195 | Desolati | Got the Incunabulum of the Beaming Crypt
 72305 | Desolati | Identified the +7 chain mail of Fashionability {rPois
                  | Dex+4}
 72306 | Desolati | Identified the +6 demon trident of Eternal Harmony {vamp,
                  | rN+}
 72879 | Desolati | Identified the amulet of Temptation {Acrobat Harm Stlth+}
 73170 | Desolati | Found the +1 robe of Vines {NoPotionHeal Regen++++}
 73221 | Desolati | Identified the +5 scale mail of Gluttony {rElec rF- Dex+5}
 73225 | Desolati | Identified the +0 plate armour "Gipri" {rC- Str+3 Dex+3
                  | Stlth+}
 73227 | Desolati | Identified the +5 helmet "Buycrug" {rPois rC+++ Str-2
                  | Int-5}
 73572 | Desolati | Identified the +7 dagger of Intuition {freeze, rC+ Dex+2
                  | SInv}
 73581 | Desolati | Identified the +5 dagger of Urgency {protect, rPois Int+3}
 73585 | Desolati | Identified the +1 ring mail of the Original Sin {Harm
                  | +Blink rN+ Dex+2}
 73586 | Desolati | Identified the +1 spear of Building Death {elec, rPois
                  | Str+3 Int+2}
 73590 | Desolati | Identified the +11 chain mail of the Vacuum {+Inv rF+
                  | Regen+ Str-2}
 73595 | Desolati | Identified the +6 mace of Pufenoitz {holy, Will+ Int+3}
 73599 | Desolati | Identified the +0 ring mail of Beogh's Generosity {rF++
                  | rCorr Int+4}
 73614 | Desolati | Identified the +2 spear of the Moon {antimagic, Int+6}
 74526 | Vaults:1 | Reached skill level 15 in Fighting
 74526 | Vaults:1 | Reached skill level 15 in Short Blades
 74526 | Vaults:1 | Reached skill level 15 in Long Blades
 74526 | Vaults:1 | Reached skill level 15 in Axes
 74526 | Vaults:1 | Reached skill level 15 in Maces & Flails
 74526 | Vaults:1 | Reached skill level 15 in Polearms
 74526 | Vaults:1 | Reached skill level 15 in Staves
 74526 | Vaults:1 | Reached skill level 15 in Ranged Weapons
 74526 | Vaults:1 | Reached skill level 15 in Throwing
 74526 | Vaults:1 | Reached skill level 15 in Armour
 74526 | Vaults:1 | Reached skill level 15 in Shields
 74526 | Vaults:1 | Reached skill level 15 in Unarmed Combat
 74526 | Vaults:1 | Reached skill level 15 in Evocations
 75271 | Vaults:1 | Found a radiant altar of Vehumet.
 76311 | Vaults:1 | Reached XP level 22. HP: 165/175 MP: 30/42
 76815 | Vaults:1 | Learned a level 8 spell: Ignition
 77496 | Vaults:2 | Found a staircase to the Crypt.
 77496 | Vaults:2 | Found an ancient bone altar of Kikubaaqudgha.
 77496 | Vaults:2 | Found a basalt altar of Yredelemnul.
 78005 | Vaults:2 | Noticed Norris
 78291 | Vaults:2 | Killed Norris
 81098 | Vaults:3 | Identified the granite talisman of Omakaifi {rC- rCorr
                  | Int+3 Stlth+}
 82195 | Vaults:3 | Identified the +3 broad axe of Layck {flame, *Rage +Blink
                  | rElec}
 82218 | Vaults:3 | Reached XP level 23. HP: 175/183 MP: 5/43
 82224 | Vaults:3 | Identified the ring "Quilar" {^Drain rN+ Dex+5}
 82870 | Vaults:3 | You are sucked into a shaft and drop 1 floor!
 84480 | Vaults:4 | Identified the +3 falchion of Equilibrium {speed, rPois
                  | rF+}
 85442 | Vaults:4 | Reached skill level 15 in Shapeshifting
 85944 | Depths:1 | Entered Level 1 of the Depths
 86371 | Depths:1 | Found Ceur's Jewellery Emporium.
 86371 | Depths:1 | Found Vuidd's Jewellery Emporium.
 86381 | Depths:1 | Found Biceirghao's Weapon Emporium.
 86382 | Depths:1 | Found Jocken's Antique Weapon Emporium.
 86698 | Depths:1 | Found a transporter.
 86699 | Depths:1 | Found a transporter.
 86701 | Depths:1 | Found a transporter.
 86701 | Depths:1 | Found a transporter.
 87354 | Depths:1 | Found a gateway to Hell.
 87847 | Depths:2 | Noticed a golden dragon
 87858 | Depths:2 | Killed a golden dragon
 88222 | Depths:2 | Reached skill level 15 in Alchemy
 88606 | Depths:2 | Found a one-way gate leading to the halls of Pandemonium.
 89374 | Depths:2 | Found Muudex's Jewellery Shop.
 89410 | Depths:2 | You are sucked into a shaft and drop 2 floors!
 89410 | Depths:4 | Entered Level 4 of the Depths
 89491 | Depths:4 | Reached XP level 24. HP: 92/193 MP: 7/44
 90335 | Depths:3 | Noticed Margery
 90335 | Depths:3 | Found a one-way gateway to a ziggurat.
 90346 | Depths:3 | Killed Margery
 90377 | Depths:3 | Found a flickering gateway to a bazaar.
 90387 | Bazaar   | Entered a bazaar
 90520 | Bazaar   | Found Luinavou's Jewellery Boutique.
 90538 | Bazaar   | Found Rosioddugg's Antique Weapon Emporium.
 90563 | Bazaar   | Found Waklauk's Jewellery Boutique.
 90583 | Bazaar   | Found Ygheruel's Antique Armour Shoppe.
 90609 | Bazaar   | Bought the ring of Maprun {rC+ Will+ Dex+9 Stlth-} for 508
                  | gold pieces
 91024 | Depths:3 | Identified the +2 robe of Hacreruw {rN+ Str+3 Int+4 Dex-3}
 91024 | Depths:3 | Noticed Boris
 91034 | Depths:3 | Killed Boris
 91695 | Depths:3 | Found a one-way gate to the infinite horrors of the Abyss.
 91705 | Depths:3 | Identified the orb "Niyne" {*channel, +Inv rCorr Necro}
 91705 | Depths:3 | Noticed Frederick
 92553 | Depths:3 | Noticed a caustic shrike
 92559 | Depths:3 | Killed a caustic shrike
 93566 | Depths:3 | Killed Frederick
 94343 | Depths:3 | Noticed a caustic shrike
 94651 | Depths:3 | Killed a caustic shrike
 94715 | Depths:3 | Identified the ring "Ughal" {rF- rCorr Str+6 Dex+5}
 95191 | Depths:3 | Identified the +2 helmet of the Apprentice {rPois}
 95197 | Depths:3 | Identified the +2 mace of Wu Jian's Indignation {freeze,
                  | +Blink Str+5 Int-4 Stlth-}
 95483 | Depths:3 | Noticed an ancient lich
 95559 | Depths:3 | Noticed a caustic shrike
 95563 | Depths:3 | Killed a caustic shrike
 95564 | Depths:3 | Killed an ancient lich
 95628 | Depths:3 | Found the +7 captain's cutlass {speed, disarm}
 95789 | Depths:3 | Noticed a caustic shrike
 95795 | Depths:3 | Killed a caustic shrike
 95897 | Depths:3 | Reached XP level 25. HP: 201/201 MP: 19/44
 97457 | Depths:4 | Reached skill level 15 in Conjurations
 98563 | Depths:4 | Found a gate to the Realm of Zot.
 98998 | Slime:1  | Entered Level 1 of the Pits of Slime
 99413 | Slime:2  | Learned a level 9 spell: Chain Lightning
 99977 | Slime:5  | Entered Level 5 of the Pits of Slime
 99979 | Slime:5  | Gained mutation: You have hidden genetic defects. [a
                  | shining eye]
 99981 | Slime:5  | Reached skill level 15 in Hexes
 99981 | Slime:5  | Reached skill level 15 in Summonings
 99981 | Slime:5  | Reached skill level 15 in Necromancy
 99981 | Slime:5  | Reached skill level 15 in Translocations
 99981 | Slime:5  | Reached skill level 15 in Fire Magic
 99981 | Slime:5  | Reached skill level 15 in Ice Magic
 99981 | Slime:5  | Reached skill level 15 in Air Magic
 99981 | Slime:5  | Reached skill level 15 in Earth Magic
100105 | Slime:4  | Lost mutation: You have hidden genetic defects. [potion of
                  | mutation]
100105 | Slime:4  | Lost mutation: You are dopey. (Int -2) [potion of mutation]
100105 | Slime:4  | Gained mutation: Armour fits poorly on your strangely
                  | shaped body. [potion of mutation]
100105 | Slime:4  | Gained mutation: You have sharp fingernails. [potion of
                  | mutation]
100107 | Slime:4  | Reached XP level 26. HP: 210/210 MP: 45/45
100117 | Slime:4  | Learned a level 8 spell: Summon Horrible Things
100356 | Slime:5  | Noticed the Royal Jelly
100362 | Slime:5  | Killed the Royal Jelly
101198 | Slime:5  | Identified the staff "Oliggewk" {*Corrode Str-3 Conj Hexes
                  | Alchemy}
101288 | Slime:5  | Got a slimy rune of Zot
101304 | Slime:5  | Identified the +0 war axe of the Pits of Slime {drain,
                  | Will+ SInv}
101413 | Slime:5  | Identified the +10 mace of Cothrash {venom, +Blink Int+2}
104118 | D:10     | Upgraded the game from 0.32-a0-909-gc671339a80 to
                  | 0.32-a0-913-g739538afd8
104359 | Vaults:4 | Learned a level 7 spell: Malign Gateway
104360 | Vaults:5 | Entered Level 5 of the Vaults
104367 | Vaults:5 | Reached XP level 27. HP: 210/217 MP: 0/45
104520 | Vaults:4 | You are sucked into a shaft and drop 1 floor!
104538 | Vaults:5 | Identified the staff "Ivvoij" {rPois Str+7 Dex-3 Earth
                  | Alchemy}
104539 | Vaults:5 | Identified the +4 dagger "Goblinbane" {spect, rPois rF+
                  | Will+ Str+2}
104781 | Vaults:5 | Identified the +3 buckler "Icid Bus" {rElec rCorr}
105497 | Vaults:5 | Identified the +3 short sword "Panes" {venom, rElec rC+}
105956 | Vaults:5 | Got a silver rune of Zot
106318 | Vaults:5 | Noticed a dread lich
106337 | Vaults:5 | Killed a dread lich
106533 | Vaults:5 | Got Simoll's Cyclopedia of Kindling and Bringing Forth
107478 | Vaults:5 | Identified the +1 hat of the Eternal Void {rPois rF- Str+6
                  | Int+3}
108435 | Vaults:1 | Identified the ring of Malifiv {rC+ rCorr Str+3}
108576 | Vaults:1 | Found a transporter.
108723 | Crypt:1  | Entered Level 1 of the Crypt
109958 | Crypt:1  | Found a basalt altar of Yredelemnul.
109966 | Crypt:1  | Got the Spellbook of Crystalline Concussion
110181 | Crypt:1  | Identified the +8 hand axe of Disintegration {holy, +Blink
                  | Int+4}
110209 | Crypt:1  | Got the Papyrus of Fulgurant Firn
110379 | Crypt:1  | Noticed a dread lich
110398 | Crypt:1  | Killed a dread lich
110579 | Crypt:1  | Identified the ring "Ziqiq" {rPois Will+ Dex+6}
110593 | Crypt:1  | Identified the +0 pair of boots of Dithmenos's Reproof
                  | {Str+3 Int+4}
111845 | Crypt:3  | Entered Level 3 of the Crypt
112143 | Crypt:3  | Noticed a dread lich
112144 | Crypt:3  | Found an ancient bone altar of Kikubaaqudgha.
112157 | Crypt:3  | Killed a dread lich
113272 | Crypt:3  | Found the +3 Mad Mage's Maulers {Infuse+∞ VampMP -Cast}
113299 | Crypt:3  | Identified the ring of the Shrike {rN++ rCorr Str+6 Dex-2
                  | Slay+2}
113299 | Crypt:3  | Identified the ring of Hazir {rN++ Str+6 Stlth+}
113321 | Crypt:3  | Found a staircase to the Tomb.
113912 | Zot:1    | Entered Level 1 of the Realm of Zot
116323 | Zot:2    | You are sucked into a shaft and drop 2 floors!
116326 | Zot:4    | Noticed an orb of fire
118860 | Zot:3    | Learned a level 8 spell: Maxwell's Capacitive Coupling
119119 | Zot:3    | Gained mutation: Your natural rate of healing is unusually
                  | fast. [an orb of fire]
119121 | Zot:3    | Killed an orb of fire
121031 | Zot:4    | Paralysed by an apocalypse crab for 1 turns
121676 | Zot:5    | Entered Level 5 of the Realm of Zot
122906 | Zot:5    | Noticed a dread lich
122923 | Zot:5    | Killed a dread lich
123230 | Zot:5    | Noticed an orb of fire
123244 | Zot:5    | Killed an orb of fire
123336 | Zot:5    | Noticed an orb of fire
123336 | Zot:5    | Noticed an orb of fire
123345 | Zot:5    | Killed an orb of fire
123703 | Zot:5    | Noticed an ancient lich
123708 | Zot:5    | Killed an ancient lich
123732 | Zot:5    | Noticed an orb of fire
123735 | Zot:5    | Gained mutation: You are partially covered in large bone
                  | plates. (SH +4) [an orb of fire]
123737 | Zot:5    | Killed an orb of fire
123903 | Zot:5    | Gained mutation: You are dopey. (Int -2) [an orb of fire]
123907 | Zot:5    | Killed an orb of fire
124154 | Zot:5    | Noticed an orb of fire
124161 | Zot:5    | Killed an orb of fire
124453 | Zot:5    | Noticed an ancient lich
124464 | Zot:5    | Killed an ancient lich
124632 | Zot:5    | Noticed an ancient lich
124637 | Zot:5    | Killed an ancient lich
124947 | Zot:5    | Noticed a dread lich
124951 | Zot:5    | Killed a dread lich
126377 | Zot:5    | Got the Orb of Zot
126904 | D:$      | Escaped with the Orb!

Illustrated notes

Levels and vault maps discovered:
D:1:      minmay_arrival_cross, layout_basic,
          hellmonk_ecumenical_altar_slurped_away
D:2:      layout_basic, hangedman_decor_growths, st_stairs_6, chequers_big_river
D:3:      layout_loops_ring, lemuel_doored_altar, serial_shops, shop,
          corexii_leaking_fountain
D:4:      layout_gridville, tso_oasis_becter,
          nicolae_dithmenos_through_a_glass_darkly, serial_shops, shop,
          gup_sewer_entry_glass, uniq_ijyb
D:5:      gammafunk_cloud_chamber, layout_loops_ring, nemelex_dance_club_becter,
          minmay_temple_entry_drinking_statues, uniq_crazy_yiuf_cottage,
          uniq_blork_the_orc
D:6:      layout_basic, mainiacjoe_overflow_surrounded_room, uniq_pikel
D:7:      layout_cave_pools, serial_shops, shop, enter_ossuary_2
D:8:      layout_cave_pools, mainiacjoe_overflow_boulevard, serial_shops,
          nicolae_shop_pleasant_corner_grove, grunt_ministairs_15, uniq_grum
D:9:      layout_long_grid, fedhas_altar_4,
          nicolae_overflow_guarded_unrand_okawaru_victory, hellmonk_scale_shop
D:10:     layout_cross, lair_entry_dummy, enter_bailey_2, laboratory
D:11:     minmay_the_grid_square_5x5_5x5_mashed
          [minmay_the_grid_square_5x5_checkered_statues,
          minmay_the_grid_square_5x5_longway, minmay_the_grid_square_5x5_forky,
          minmay_the_grid_square_5x5_bridge, minmay_the_grid_square_5x5_inner_z,
          minmay_the_grid_square_5x5_minivault,
          minmay_the_grid_square_5x5_prize_gold,
          minmay_the_grid_square_5x5_fancy_junction,
          minmay_the_grid_square_5x5_prize_open,
          minmay_the_grid_square_5x5_hourglass,
          minmay_the_grid_square_5x5_spiral_small, minmay_the_grid_square_5x5_c,
          minmay_the_grid_square_5x5_prize_deathbox,
          minmay_the_grid_square_5x5_doubleslash,
          minmay_the_grid_square_5x5_inner_i, minmay_the_grid_square_5x5_z,
          minmay_the_grid_square_5x5_prize_itemx,
          minmay_the_grid_square_5x5_empty,
          minmay_the_grid_square_5x5_prize_waves,
          minmay_the_grid_square_5x5_inverted_slash,
          minmay_the_grid_square_5x5_bracketed,
          minmay_the_grid_square_5x5_tri_point,
          minmay_the_grid_square_5x5_beaten_path,
          minmay_the_grid_square_5x5_fat_x, minmay_the_grid_square_5x5_empty],
          layout_gridville, bh_hangedman_babel_library
D:12:     layout_loops_ring
D:13:     layout_cave_pools, dancing_weapons_uskayaw
D:14:     layout_gridville, hangedman_vaults_entry_quadrant_bands, serial_shops,
          shop, nicolae_shop_real_fake_doors, nicolae_diamond_shop,
          nicolae_shop_tiny_waterfront, nicolae_shop_behind_doors,
          minmay_misc_feat_square, uniq_josephine, uniq_snorg, uniq_kirke
D:15:     hellmonk_depths_entry_around_the_bend, layout_loops_ring,
          lemuel_coloured_pillars_altar, serial_shops, shop_fountains,
          hangedman_decor_points, uniq_louise
Temple:   nicolae_temple_ecumenical_triangle
Lair:1:   lemuel_slime, layout_gridlike, beast_lair_carwin_3, uniq_joseph,
          uniq_sonja, uniq_gastronok
Lair:2:   layout_regular_city, disabler_island, grunt_megastairs_1
Lair:3:   layout_gridlike, nicolae_swamp_entry_spooky, dummy_snake_entry
Lair:4:   layout_layer_cave, serial_bayou_crossing
Lair:5:   wormcave, layout_concentric_octagons,
          hangedman_lair_caniforms_friends, dpeg_slime_entry_corner,
          minivault_26
Swamp:1:  layout_basic_swamp, serial_swamp_ruin, evilmike_swamp_ruin_rubble_2,
          evilmike_swamp_ruin_house_4
Swamp:2:  layout_basic_swamp, basic_altar
Swamp:3:  nicolae_swamp_ascending_descending_big, layout_basic_swamp,
          hangedman_swamp_blocks
Swamp:4:  swamp_basic_johnstein, layout_basic_swamp
Snake:1:  layout_layer_cave, nicolae_snake_ghostly_warrior_ritual
Snake:2:  layout_honeycomb
Snake:3:  layout_cave_pods, portal_ice_cave_entry_ice_simulacra,
          hangedman_snake_pattern, serial_bayou_ford_a, nicolae_triple_integral
Snake:4:  johnstein_snake_rune_scales, layout_layer_cave, grunt_megastairs_3,
          uniq_aizul
Slime:1:  layout_caves
Slime:2:  layout_caves, uniq_dissolution
Slime:3:  cheibrodos_slime_lost_civilization_1, layout_caves
Slime:4:  cheibrodos_slime_lost_civilization_2, layout_caves
Slime:5:  slime_pit_nicolae_inversion
Orc:1:    layout_diamond_mine, serial_shops, nicolae_shop_window_shopping,
          nicolae_orc_lava_room
Orc:2:    st_orc_town, layout_caves
Elf:1:    layout_geoelf_octagon, serial_shops, shop, guppyfry_elf_altar,
          minmay_shop_star
Elf:2:    nicolae_elf_blades_splatter_lattice
          [nicolae_blade_entry_diamond_columns], layout_gridlike,
          grunt_ministairs_9
Elf:3:    minmay_elf_hall_not_hex, layout_rooms, serial_shops, shop,
          minivault_16
Vaults:1: portal_desolation_entry_nicolae_forbidding_blocks, v_misc_22,
          v_pattern_4, gammafunk_sealed_library, v_misc_14,
          ontoclasm_vaults_loading_screen, nicolae_vaults_little_squares_3,
          nicolae_vaults_wrenched, dpeg_vaults_monster_box,
          nicolae_vaults_trapezoid_lopsided_3, nicolae_vaults_more_shelving_1,
          nicolae_vaults_storage_room_glass,
          nicolae_vaults_variable_pillar_hall, layout_vaults_omnicross
Vaults:2: vaults_room_stairs_pillars, minmay_crypt_entry_necro_gods,
          v_pattern_2, nicolae_vaults_twisting_passages,
          nicolae_vaults_tetromino_T_1, vaults_mumra_minichess,
          nicolae_vaults_hexular_roomagon, v_misc_4,
          kennysheep_ogre_elephant_herders, nicolae_vaults_prndl,
          nicolae_vaults_stairing_the_circle, layout_vaults_big_room,
          uniq_norris
Vaults:3: nicolae_vaults_swerve, nicolae_vaults_inception_statues,
          st_greater_box_2, grunt_vaults_hallway_short,
          nicolae_vaults_network_quinsquares
          [nicolae_vaults_network_quincunx_subvault,
          nicolae_vaults_network_quincunx_subvault,
          nicolae_vaults_network_quincunx_subvault,
          nicolae_vaults_network_quincunx_subvault],
          nicolae_vaults_ring_of_whatevers, v_misc_8, v_alt_pattern_2,
          ontoclasm_vaults_chip, vaults_room_semicircle, vaults_room_corners,
          vaults_room_fours, layout_vaults_omnibox
Vaults:4: ontoclasm_vaults_misaligned, nicolae_vaults_puzzle_piece,
          nicolae_vaults_house_3, nicolae_vaults_security_offices_1,
          nicolae_vaults_house_1, grunt_vaults_twisty,
          nicolae_vaults_sightless_eye, nicolae_vaults_little_squares_5,
          v_misc_28, layout_vaults_maze_snakey
Vaults:5
Crypt:1:  layout_regular_city, nicolae_crypt_vampire_mansion, uniq_josephina
Crypt:2:  layout_basic
Crypt:3:  cryptofortress_bobbens
Depths:1: layout_long_grid, lightli_too_deep, minmay_shop_grid_forest,
          nicolae_diode_quadrants
Depths:2: nicolae_hexawheel, layout_honeycomb, serial_shops,
          nicolae_shop_advertising_works [nicolae_subvault_shop_adworks],
          hell_entry, nicolae_figureground_pulse, rand_demon_pan_entry_9
Depths:3: kennysheep_large_vault, layout_honeycomb, enter_ziggurat_f,
          abyss_entry, hell_entry, serial_shops, bzr_firewalk,
          grunt_pan_entry_sceptre, hangedman_abyss_or_decor_jellyfish_corner,
          uniq_margery, uniq_boris, uniq_frederick
Depths:4: grunt_zot_entry_gee_three, layout_cave_pools, pf_hell_entry_tar_river,
          rand_demon_pan_entry_4, mu_enter_wizlab_6
Zot:1:    grunt_twist_and_shout, layout_onion_interference,
          regret_index_zotdec_slimy_original
Zot:2:    layout_cellular_growth
Zot:3:    layout_misc_corridors, regret_index_zotdec_fiery_em
Zot:4:    gammafunk_mikee_crab_dinner, layout_gridlike, st_small_dragon_hoard_3,
          grunt_megastairs_2
Zot:5:    layout_misc_corridors

Skill      XL: |  1  2  3  4  5  6  7  8  9 10 11 12 13 14 15 16 17 18 19 20 21 22 23 24 25 26 27 |
---------------+----------------------------------------------------------------------------------+-----
Conjurations   | 2 3 4 5 6 7 8 9 10 11 12 13 14 15 17 | 17.8
Spellcasting   | 5 6 7 8 9 10 11 12 13 14 15 16 17 18 21 | 21.2
Invocations    | 1 2 3 4 5 6 7 8 10 11 12 13 14 15 16 17 18 19 22 | 22.3
Fighting       | 1 2 3 5 6 7 8 9 10 11 12 13 14 15 16 17 18 20 | 20.7
Short Blades   | 1 2 3 5 6 7 8 9 10 11 12 13 14 15 16 17 18 22 | 22.4
Long Blades    | 1 2 3 5 6 7 8 9 10 11 12 13 14 15 16 17 18 20 | 20.7
Axes           | 1 2 3 5 6 7 8 9 10 11 12 13 14 15 16 17 18 20 | 20.7
Maces & Flails | 1 2 3 5 6 7 8 9 10 11 12 13 14 15 16 17 18 20 | 20.7
Polearms       | 1 2 3 5 6 7 8 9 10 11 12 13 14 15 16 17 18 20 | 20.7
Staves         | 1 2 3 5 6 7 8 9 10 11 12 13 14 15 16 17 18 20 | 20.7
Ranged Weapons | 1 2 3 5 6 7 8 9 10 11 12 13 14 15 16 17 18 22 | 22.2
Throwing       | 1 2 3 5 6 7 8 9 10 11 12 13 14 15 16 17 18 20 | 20.7
Armour         | 1 2 3 5 6 7 8 9 10 11 12 13 14 15 16 17 18 20 | 20.7
Shields        | 1 2 3 5 6 7 8 9 10 11 12 13 14 15 16 17 18 20 | 20.7
Unarmed Combat | 1 2 3 5 6 7 8 9 10 11 12 13 14 15 16 17 18 22 | 22.5
Evocations     | 1 2 3 5 6 7 8 9 10 11 12 13 14 15 16 17 18 20 | 20.7
Shapeshifting  | 1 2 3 4 5 6 7 8 9 10 11 12 13 14 15 16 19 | 19.1
Hexes          | 1 2 3 4 5 6 7 8 9 10 11 12 13 14 15 17 | 17.7
Summonings     | 1 2 3 4 5 6 7 8 9 10 11 12 13 14 15 17 | 17.7
Necromancy     | 1 2 3 4 5 6 7 8 9 10 11 12 13 14 15 17 | 17.7
Translocations | 1 2 3 4 5 6 7 8 9 10 11 12 13 14 15 17 | 17.7
Fire Magic     | 1 2 3 4 5 6 7 8 9 10 11 12 13 14 15 17 | 17.7
Ice Magic      | 1 2 3 4 5 6 7 8 9 10 11 12 13 14 15 17 | 17.7
Air Magic      | 1 2 3 4 5 6 7 8 9 10 11 12 13 14 15 17 | 17.7
Earth Magic    | 1 2 3 4 5 6 7 8 9 10 11 12 13 14 15 17 | 17.7
Dodging        | 5 6 7 8 9 10 11 12 13 14 15 16 17 18 21 | 21.1
Stealth        | 5 6 7 8 9 10 11 12 13 14 15 16 17 18 21 | 21.0
Alchemy        | 6 7 8 9 10 11 12 13 14 15 16 18 | 18.4

Action                     |  1- 3 |  4- 6 |  7- 9 | 10-12 | 13-15 | 16-18 | 19-21 | 22-24 | 25-27 || total
---------------------------+-------+-------+-------+-------+-------+-------+-------+-------+-------++-------
  Melee: Whip              |    57 |    37 |       |       |       |       |       |       |       ||    94
         Unarmed           |     1 |       |       |       |       |       |     4 |       |       ||     5
         Bite              |     5 |     2 |    11 |    40 |    97 |   109 |   107 |   107 |   300 ||   778
         Rapier            |       |    14 |   102 |   263 |   543 |   625 |   279 |       |       ||  1826
         Long sword        |       |       |       |       |       |       |   195 |   551 |  1119 ||  1865
  Throw: Dart              |       |       |       |     1 |       |       |     1 |     1 |       ||     3
         Throwing net      |       |       |       |       |       |       |       |     2 |       ||     2
   Cast: Sting             |    41 |    64 |    21 |    26 |       |       |       |       |       ||   152
         Olgreb's Toxic Ra |       |     3 |    41 |    98 |   138 |    24 |     3 |       |       ||   307
         Sticky Flame      |       |       |     2 |    30 |     7 |       |       |     2 |       ||    41
         Summon Mana Viper |       |       |       |     1 |    24 |    12 |       |     1 |       ||    38
         Irradiate         |       |       |       |       |    13 |     8 |    26 |    49 |    75 ||   171
         Permafrost Erupti |       |       |       |       |       |   327 |   283 |   298 |    76 ||   984
         Ozocubu's Refrige |       |       |       |       |       |       |   181 |   135 |   126 ||   442
         Manifold Assault  |       |       |       |       |       |       |     1 |       |       ||     1
         Ignition          |       |       |       |       |       |       |       |    30 |   106 ||   136
         Summon Horrible T |       |       |       |       |       |       |       |       |   134 ||   134
         Malign Gateway    |       |       |       |       |       |       |       |       |    11 ||    11
         Maxwell's Capacit |       |       |       |       |       |       |       |       |    57 ||    57
 Invoke: Potion Petition   |       |       |       |     1 |       |       |       |     2 |     4 ||     7
         Call Merchant     |       |       |       |       |       |     5 |     1 |       |     3 ||     9
Ability: Begin Untransform |       |       |       |       |       |       |     3 |       |       ||     3
  Evoke: Wand              |       |       |     1 |    11 |     7 |     3 |    18 |    24 |     5 ||    69
         Phial of floods   |       |       |       |       |       |       |     1 |     1 |       ||     2
         Sack of spiders   |       |       |       |       |       |       |     1 |       |       ||     1
         Condenser vane    |       |       |       |       |       |       |       |       |     1 ||     1
    Use: Scroll            |     5 |     5 |     2 |     5 |     3 |     5 |     9 |     3 |     8 ||    45
         Potion            |     1 |    11 |     3 |     9 |       |       |     3 |       |     6 ||    33
   Stab: Sleeping          |     3 |     2 |     5 |     5 |    16 |    13 |     9 |     6 |    10 ||    69
         Distracted        |       |       |     2 |     6 |    19 |    31 |    16 |     6 |    44 ||   124
         Petrified         |       |       |       |       |     4 |       |       |       |       ||     4
         Confused          |       |       |       |       |       |       |       |       |     1 ||     1
 Armour: Robe              |    60 |    58 |    77 |   171 |   301 |   265 |   195 |   266 |   552 ||  1945
         Skin              |       |       |       |       |       |       |     4 |       |       ||     4
  Dodge: Dodged            |    76 |    52 |    80 |   182 |   330 |   258 |   211 |   311 |   624 ||  2124
  Block: Buckler           |       |       |       |    51 |   135 |   162 |   239 |   359 |   203 ||  1149
         Reflection        |       |       |       |       |       |    15 |    22 |    31 |    35 ||   103
         Kite shield       |       |       |       |       |       |       |       |       |   882 ||   882
   Form: Dragon            |       |       |       |       |       |       |     3 |       |       ||     3

Table legend: (Time is in decaauts)
 A = Elapsed time spent in this place.
 B = Non-inter-level travel time spent in this place.
 C = Inter-level travel time spent in this place.
 D = Time resting spent in this place.
 E = Time spent auto-exploring this place.
 F = Levels seen in this place.
 G = Mean time per level.
                   A        B        C        D        E       F      G
               +--------+--------+--------+--------+--------+-----+--------+
         Total | 126515 | 118210 |   8305 |  37643 |  58679 |  59 | 2144.3 |
       Dungeon |  32183 |  28094 |   4089 |  11132 |   9572 |  15 | 2145.5 |
        Temple |     85 |     68 |     17 |      0 |      0 |   1 |   85.0 |
          Lair |  12343 |  11358 |    985 |   4359 |   4678 |   5 | 2468.6 |
         Swamp |   6420 |   6083 |    337 |   1899 |   3485 |   4 | 1605.0 |
     Snake Pit |   9222 |   9020 |    202 |   1935 |   6085 |   4 | 2305.5 |
    Slime Pits |   4725 |   4603 |    122 |   1392 |   2612 |   5 |  945.0 |
  Orcish Mines |   3577 |   3389 |    188 |    851 |   2025 |   2 | 1788.5 |
   Elven Halls |   7974 |   7834 |    140 |   3217 |   3571 |   3 | 2658.0 |
        Vaults |  15776 |  14974 |    802 |   3251 |   9596 |   5 | 3155.2 |
         Crypt |   4692 |   4491 |    201 |    394 |   3194 |   3 | 1564.0 |
        Depths |  13714 |  12988 |    726 |   3740 |   7257 |   4 | 3428.5 |
           Zot |  10935 |  10442 |    493 |   3292 |   5025 |   5 | 2187.0 |
        Bazaar |    234 |    234 |      0 |      0 |    211 |   1 |  234.0 |
      Ice Cave |   1725 |   1725 |      0 |   1046 |    218 |   1 | 1725.0 |
    Desolation |   2902 |   2902 |      0 |   1132 |   1148 |   1 | 2902.0 |
               +--------+--------+--------+--------+--------+-----+--------+

Top non-repeatable levels by time:
Depths:3: 5568 daAuts
     D:6: 4220 daAuts
Vaults:1: 3929 daAuts
Depths:4: 3740 daAuts
   Zot:5: 3713 daAuts
Vaults:3: 3411 daAuts
Vaults:5: 3362 daAuts
Vaults:2: 3324 daAuts
  Lair:2: 3306 daAuts
   Elf:3: 3299 daAuts
 Snake:4: 3290 daAuts
    D:10: 2986 daAuts
  Lair:1: 2977 daAuts
Desolation: 2902 daAuts
    D:11: 2886 daAuts
